 Dungeon Crawl Stone Soup version 0.29-a0-643-ga013cefcf8 (webtiles) character file.

Game seed: 11395226164373574667

5323 avis the Quickloader (level 10, -3/88 HPs)
             Began as a Demigod Ice Elementalist on June 19, 2022.
             Slain by a komodo dragon (21 damage)
             ... on level 8 of the Dungeon.
             The game lasted 01:10:14 (10500 turns).

avis the Quickloader (Demigod Ice Elementalist)    Turns: 10500, Time: 01:10:15

Health: -3/88      AC: 13    Str:  9    XL:     10   Next: 15%
Magic:  15/17      EV: 18    Int: 17    God:
Gold:   81         SH:  0    Dex: 30    Spells: 11/15 levels left

rFire   x . .      SeeInvis .   b - +2 triple crossbow (flame)
rCold   + . .      Faith    .   (shield currently unavailable)
rNeg    . . .      Spirit   .   h - +1 robe
rPois   +          Reflect  .   (no helmet)
rElec   .          Harm     .   (no cloak)
rCorr   .          Rampage  .   (no gloves)
Will    +....                   v - +2 pair of boots of Featajar {rPois Dex+4}
Stlth   +++.......              (no amulet)
HPRegen 0.24/turn               s - ring of ice
MPRegen 0.15/turn               D - +4 ring of evasion

@: ice-armoured
A: high MP 1, forlorn, divine attributes
a: no special abilities


You were on level 8 of the Dungeon.
You visited 2 branches of the dungeon, and saw 9 of its levels.

You collected 381 gold pieces.
You spent 300 gold pieces at shops.

Inventory:

Hand Weapons
 a - a +4 dagger of speed
 b - a +2 triple crossbow of flaming (weapon)
 c - a +0 dagger of chaos
 w - a +3 falchion
Armour
 f - a +0 robe of cold resistance
 h - a +1 robe (worn)
 t - a scarf of harm
 v - the +2 pair of boots of Featajar (worn) {rPois Dex+4}
   (You acquired it on level 4 of the Dungeon)

   Dex:       It affects your dexterity (+4).
   rPois:     It protects you from poison.
Jewellery
 s - a ring of ice (left hand)
 D - a +4 ring of evasion (right hand)
Wands
 A - a wand of quicksilver (9)
 L - a wand of mindburst (16)
Scrolls
 q - 2 scrolls of magic mapping
 r - 2 scrolls of teleportation
 x - a scroll of summoning
 G - a scroll of blinking
 P - a scroll of fog
Potions
 d - 2 potions of might
 e - a potion of lignification
 i - 6 potions of heal wounds
 j - 5 potions of curing
 k - 3 potions of brilliance
 n - 2 potions of magic
 o - a potion of invisibility
 z - a potion of cancellation {unknown}
 M - a potion of haste {unknown}


   Skills:
 - Level 8.0 Fighting
 * Level 9.8 Crossbows
 - Level 3.0 Dodging
 - Level 3.0 Stealth
 - Level 3.0 Spellcasting
 - Level 6.0 Ice Magic


You had 11 spell levels left.
You knew the following spells:

 Your Spells              Type           Power      Damage    Failure   Level
a - Freeze                Ice            100%       1d11      1%          1
o - Ozocubu's Armour      Ice            34%        N/A       4%          3

Your spell library contained the following spells:

 Spells                   Type           Power      Damage    Failure   Level
 Frozen Ramparts          Ice            68%        1d8       4%          3
 Foxfire                  Conj/Fire      8%         2x1d4     17%         1
 Static Discharge         Conj/Air       2%         N/A       26%         2
 Conjure Flame            Conj/Fire      2%         6-21      45%         3
 Dazzling Flash           Conj/Hex       4%         N/A       45%         3
 Ignite Poison            Fire/Tmut/Pois 2%         N/A       45%         3
 Inner Flame              Hex/Fire       2%         N/A       45%         3
 Hailstorm                Conj/Ice       19%        3d6       45%         4
 Dispel Undead            Necr           2%         3d7       86%         4
 Flame Wave               Conj/Fire      2%         2d4       86%         4
 Iskenderun's Mystic Bla  Conj/Tloc      2%         2d3       86%         4
 Sticky Flame             Conj/Fire      2%         2d3       86%         4
 Starburst                Conj/Fire      1%         6d3       100%        6


Dungeon Overview and Level Annotations

Branches:
Dungeon (8/15)             Temple (1/1) D:4
   Lair: D:8-11

Shops:
D:2 ?


Innate Abilities, Weirdness & Mutations

You have an increased reservoir of magic. (+10% MP)
You shall have no god before yourself.
Your divine heritage dramatically boosts your attributes as you level up.


Message History

You shoot a bolt. The bolt closely misses the kobold.
You hear an angry hiss.
The kobold misses you. x2; The komodo dragon bites you!
The kobold hits you but does no damage. x2
Shoot: b) +2 triple crossbow (flame)
Press: ? - help, Q - select action, (/) - cycle Shift-Dir - straight line You shoot a bolt.
The bolt hits the kobold!
The bolt burns the kobold.
You kill the kobold!
The komodo dragon bites you! The kobold barely misses you.
The komodo dragon barely misses you. The kobold misses you.
Something hits you but does no damage.
Shoot: b) +2 triple crossbow (flame)
Press: ? - help, Q - select action, (/) - cycle Shift-Dir - straight line You shoot a bolt.
Reactivating autopickup.
You feel a bit more experienced. The komodo dragon misses you.
The kobold completely misses you. The komodo dragon bites you!!
* * * LOW HITPOINT WARNING * * *
Something bites the plant!
The plant begins to die.
The orc closely misses you. The kobold hits you but does no damage.
You feel much better. The komodo dragon barely misses you.
The kobold hits you but does no damage. The orc completely misses you.
Shoot: b) +2 triple crossbow (flame)
Press: ? - help, Q - select action, (/) - cycle Shift-Dir - straight line, f - orc
Aim: an orc, wielding a +2 hand axe of freezing and wearing a +0 leather armour (72% to hit)
You shoot a bolt. The bolt closely misses the orc.
Something bites the plant!!
The komodo dragon bites you!!
* * * LOW HITPOINT WARNING * * *
The kobold hits you but does no damage. The orc closely misses you.
Something bites the plant.
The komodo dragon hisses menacingly.
The komodo dragon bites you!
* * * LOW HITPOINT WARNING * * *
You feel much better.
A nearby plant withers and dies.
The kobold hits you but does no damage.
The orc hits you with a +2 hand axe of freezing.
* * * LOW HITPOINT WARNING * * *
The komodo dragon bites you!!
You die...

.P.)P..P.P.P....
....P.....P....
.P..P.P..P...#
....P..P....#
.....P......#
............#
##.......)).#
#......).lo#
#.......oK@#
############


You could see a komodo dragon, 2 orcs and a kobold.

Vanquished Creatures
  A two-headed ogre (D:7)
  The ghost of seaofthunder the Fighter, a novice HOFi of Beogh (D:6)
  Psyche (D:8)
  Sigmund (D:5)
  A wyvern (D:7)
  Menkaure (D:4)
  An acid dragon (D:6)
  4 orc warriors (D:5)
  2 black bears
  3 ice beasts
  A sky beast (D:6)
  An ogre (D:4)
  10 kobold brigands
  2 bullfrogs
  A gnoll sergeant (D:6)
  3 scorpions
  3 wights (D:7)
  2 vampire bats (D:7)
  2 howler monkeys
  3 jellies
  6 hounds
  2 orc priests (D:5)
  5 iguanas
  Natasha (thrice) (D:2)
  Terence (D:2)
  9 orc wizards
  13 gnolls
  3 adders
  2 shadow imps (D:6)
  A dart slug (D:2)
  40 orcs
  A bat skeleton (D:7)
  4 bat zombies (D:7)
  6 endoplasms
  2 giant cockroaches
  10 goblins
  7 hobgoblins
  17 jackals
  3 quokkas
  4 ball pythons
  7 bats
  3 frilled lizards
  3 kobolds
  4 rats
200 creatures vanquished.

Vanquished Creatures (others)
  6 fungi (D:8)
  8 plants
14 creatures vanquished.

Grand Total: 214 creatures vanquished

Notes
Turn   | Place    | Note
-------+----------+-------------------------------------------
     0 | D:1      | avis the Demigod Ice Elementalist began the quest for the
                  | Orb.
     0 | D:1      | Reached XP level 1. HP: 14/14 MP: 5/5
   136 | D:1      | Reached XP level 2. HP: 20/20 MP: 2/7
   628 | D:1      | Reached XP level 3. HP: 26/26 MP: 3/8
  1471 | D:2      | Noticed Terence
  1478 | D:2      | Reached skill level 5 in Ice Magic
  1481 | D:2      | Killed Terence
  1482 | D:2      | Reached XP level 4. HP: 33/33 MP: 2/10
  1556 | D:2      | Learned a level 3 spell: Ozocubu's Armour
  1666 | D:2      | Found Imyitaki's Magic Scroll Shoppe.
  1679 | D:2      | Bought a scroll of identify for 24 gold pieces
  1679 | D:2      | Bought a scroll of teleportation for 36 gold pieces
  1774 | D:2      | Noticed Natasha
  1806 | D:2      | Killed Natasha
  2006 | D:2      | Noticed Natasha
  2015 | D:2      | Killed Natasha
  2164 | D:2      | Reached XP level 5. HP: 34/38 MP: 5/12
  2393 | D:2      | Noticed Natasha
  2400 | D:2      | Killed Natasha
  3860 | D:4      | Reached skill level 1 in Fighting
  3937 | D:4      | Reached XP level 6. HP: 45/47 MP: 7/13
  4263 | D:4      | Found a staircase to the Ecumenical Temple.
  4273 | Temple   | Entered the Ecumenical Temple
  4332 | D:4      | Noticed Menkaure
  4805 | D:4      | Reached XP level 7. HP: 59/59 MP: 10/14
  4956 | D:5      | Entered Level 5 of the Dungeon
  5525 | D:5      | Found a runed translucent door.
  5689 | D:5      | Noticed Sigmund
  6110 | D:5      | Reached skill level 5 in Fighting
  7180 | D:6      | Found a runed translucent gate.
  7181 | D:6      | Found a runed translucent gate.
  7181 | D:6      | Noticed seaofthunder's ghost (novice HOFi)
  7183 | D:6      | Found a runed translucent gate.
  7208 | D:6      | Reached XP level 8. HP: 70/70 MP: 9/15
  7716 | D:2      | Bought a scroll of brand weapon for 240 gold pieces
  7837 | Temple   | Identified a scroll of acquirement
  7837 | Temple   | Acquired a +1 triple crossbow of flaming
  8273 | D:7      | Reached skill level 1 in Crossbows
  8320 | D:7      | Noticed a two-headed ogre
  8322 | D:7      | Killed a two-headed ogre
  8323 | D:7      | Reached skill level 4 in Crossbows
  8341 | D:7      | Reached skill level 5 in Crossbows
  8341 | D:7      | Reached XP level 9. HP: 64/79 MP: 16/16
  8461 | D:7      | Found a large runed translucent door.
  8461 | D:7      | Found a large runed translucent door.
  9005 | D:4      | Killed Menkaure
  9006 | D:4      | Reached skill level 6 in Crossbows
  9011 | D:4      | Acquired the +2 pair of boots of Featajar {rPois Dex+4}
  9282 | D:5      | Killed Sigmund
  9407 | D:5      | Reached skill level 7 in Crossbows
  9673 | D:6      | Reached skill level 8 in Crossbows
  9673 | D:6      | Killed seaofthunder's ghost
  9682 | D:6      | Reached skill level 9 in Crossbows
  9684 | D:6      | Reached XP level 10. HP: 20/88 MP: 17/17
 10380 | D:8      | Noticed Psyche
 10382 | D:8      | Killed Psyche
 10499 | D:8      | HP: 2/88 [komodo dragon (14)]
 10500 | D:8      | Slain by a komodo dragon

Illustrated notes

Levels and vault maps discovered:
D:1:      lightli_arrival_noodles, layout_loops_ring,
          hellmonk_ecumenical_altar_dog_temple
D:2:      layout_basic, basic_altar, serial_shops, nicolae_shop_hallway_plus,
          uniq_natasha, uniq_terence
D:3:      layout_loops_cross, nicolae_gozag_seed_capital, doesnt_xom_only_xom,
          grunt_ministairs_13
D:4:      layout_loops_cross, makhleb_blood_cavern_becter,
          minmay_temple_entry_gardened_gates, uniq_menkaure
D:5:      layout_loops_cross, lightli_church_of_beogh, uniq_sigmund
D:6:      layout_basic, gammafunk_ghost_nasty_kobolds
D:7:      layout_basic, kennysheep_vampire_church, jmf_multi_god_temple2,
          nicolae_ru_the_path_less_chosen
D:8:      layout_basic, grunt_lair_entry_orc_guard_hut, ebering_ghost_gozag,
          uniq_maurice, uniq_psyche
Temple:   eino_narrow_crystal_temple

Skill      XL: |  1  2  3  4  5  6  7  8  9 |
---------------+----------------------------+-----
Ice Magic      | 4 5 6 |  6.0
Spellcasting   | 2 3 |  3.0
Fighting       | 1 4 6 7 8 |  8.0
Dodging        | 2 3 |  3.0
Stealth        | 2 3 |  3.0
Crossbows      | 5 9 |  9.8

Action                   |  1- 3 |  4- 6 |  7- 9 | 10-12 || total
-------------------------+-------+-------+-------+-------++-------
Melee: Dagger            |     4 |    39 |    32 |       ||    75
       Short sword       |     1 |     5 |       |       ||     6
       Punch             |       |       |     2 |       ||     2
 Fire: Hunting sling     |       |    80 |    57 |       ||   137
       Triple crossbow   |       |       |   110 |    20 ||   130
 Cast: Freeze            |    58 |    57 |    35 |       ||   150
       Ozocubu's Armour  |       |    16 |    29 |     3 ||    48
  Use: Scroll            |       |     4 |    15 |     2 ||    21
       Potion            |       |       |       |     2 ||     2
 Stab: Sleeping          |     4 |     3 |       |       ||     7
Armor: Robe              |    10 |    20 |    78 |    24 ||   132
Dodge: Dodged            |    22 |    55 |   263 |    41 ||   381

Table legend: (Time is in decaauts)
 A = Elapsed time spent in this place.
 B = Non-inter-level travel time spent in this place.
 C = Inter-level travel time spent in this place.
 D = Time resting spent in this place.
 E = Time spent auto-exploring this place.
 F = Levels seen in this place.
 G = Mean time per level.
                   A        B        C        D        E       F      G
               +--------+--------+--------+--------+--------+-----+--------+
         Total |  10677 |   9050 |   1627 |   2743 |   4209 |   9 | 1186.3 |
       Dungeon |  10460 |   8836 |   1624 |   2602 |   4209 |   8 | 1307.5 |
        Temple |    217 |    214 |      3 |    141 |      0 |   1 |  217.0 |
               +--------+--------+--------+--------+--------+-----+--------+

Top non-repeatable levels by time:
     D:5: 1855 daAuts
     D:6: 1829 daAuts
     D:4: 1784 daAuts
     D:2: 1562 daAuts
     D:1: 1346 daAuts
     D:7: 1022 daAuts
     D:3: 1009 daAuts
  Temple: 217 daAuts
     D:8: 50 daAuts
